 Dungeon Crawl Stone Soup version 0.31-a0-841-g038b102fc3 (webtiles) character file.

Game seed: 12511542335760861284

29312 Gabrierda the Thaumaturge (level 13, -11/90 HPs)
             Began as a Djinni Ice Elementalist on Sept 27, 2023.
             Was the Champion of Makhleb.
             Mangled by a spriggan rider
             ... wielding a +0 spear
              (13 damage)
             ... on level 1 of the Swamp.
             The game lasted 01:21:49 (14091 turns).

Gabrierda the Thaumaturge (DjIE)                   Turns: 14091, Time: 01:21:50

Health: -11/90     AC: 11    Str:  7    XL:     13   Next: 80%
Gold:   715        EV: 16    Int: 29    God:    Makhleb [******] SH:  0 Dex: 13

rFire   + + .        g - +6 quarterstaff (freeze)
rCold   x . .        (shield currently unavailable)
rNeg    . . .        F - +1 steam dragon scales
rPois   ∞            t - +0 helmet
rElec   .            h - +0 cloak
rCorr   .            v - +2 pair of gloves
SInv    .            (boots unavailable)
Will    +....        u - amulet of regeneration
Stlth   ++           k - ring of wizardry
HPRegen 1.15/turn    m - +6 ring of intelligence
MPRegen 0.00/turn

%: wizardry (x1), infuse magic (-12 HP)
@: flying
A: sickness immunity, fire resistance 2, cold vulnerability 1, float, innate
caster, HP casting, extra vitality 1
a: Renounce Religion, Minor Destruction, Lesser Servant of Makhleb, Major
Destruction, Greater Servant of Makhleb


You were on level 1 of the Swamp.
You worshipped Makhleb.
Makhleb was exalted by your worship.
You visited 6 branches of the dungeon, and saw 17 of its levels.
You also visited: Sewer.

You collected 1518 gold pieces.
You spent 803 gold pieces at shops.

Inventory:

Hand Weapons
 g - a +6 quarterstaff of freezing (weapon)
Missiles
 b - a throwing net
Armour
 h - a +0 cloak (worn)
 t - a +0 helmet (worn)
 v - a +2 pair of gloves (worn)
 F - +1 steam dragon scales (worn)
Jewellery
 d - a ring of resist corrosion
 i - a +6 ring of strength
 k - a ring of wizardry (left hand)
 m - a +6 ring of intelligence (right hand)
 n - a ring of positive energy
 u - an amulet of regeneration (around neck)
 y - a ring of protection from cold
 D - a ring of protection from fire
 G - a +6 ring of strength
Wands
 f - a wand of charming (13)
 s - a wand of acid (13)
 x - a wand of iceblast (5)
 z - a wand of digging (3)
 E - a wand of polymorph (14)
Scrolls
 e - 2 scrolls of blinking
 p - 5 scrolls of teleportation
 r - a scroll of identify
 A - a scroll of fog
 C - a scroll of poison
 I - 2 scrolls of vulnerability
Potions
 a - 3 potions of brilliance
 c - 6 potions of curing
 j - a potion of might
 o - 2 potions of mutation
 q - a potion of attraction
 w - 2 potions of lignification
 B - a potion of resistance
 H - 2 potions of degeneration
 J - a potion of ambrosia


   Skills:
 + Level 7.2 Fighting
 + Level 7.2 Staves
 + Level 1.3 Armour
 + Level 9.3 Dodging
 - Level 1.5 Stealth
 * Level 14.1 Spellcasting
 * Level 14.1 Conjurations
 * Level 14.1 Hexes
 * Level 14.1 Summonings
 * Level 14.1 Necromancy
 * Level 14.1 Translocations
 * Level 14.1 Transmutations
 * Level 14.1 Fire Magic
 * Level 14.1 Ice Magic
 * Level 14.1 Air Magic
 * Level 14.1 Earth Magic
 * Level 14.1 Poison Magic
 + Level 0.3 Evocations


You knew the following spells:

 Your Spells              Type           Power      Damage    Failure   Level
a - Freeze                Ice            100%       1d10      0%          1
b - Frozen Ramparts       Ice            100%       1d16      0%          3
c - Ozocubu's Armour      Ice            80%        N/A       0%          3
d - Summon Ice Beast      Ice/Summ       80%        N/A       1%          4
e - Kiss of Death         Conj/Necr      100%       2d13      0%          1
f - Jinxbite              Hex            100%       N/A       0%          2
g - Call Canine Familiar  Summ           80%        N/A       0%          3
h - Leda's Liquefaction   Hex/Erth       40%        N/A       1%          4
i - Iskenderun's Mystic   Conj/Tloc      80%        2d16      1%          4
j - Iskenderun's Battles  Conj           80%        2d13      1%          5
Your spell library was empty.

Dungeon Overview and Level Annotations

Branches:
Dungeon (10/15)            Temple (1/1) D:7            Lair (2/5) D:10
  Swamp (1/4) Lair:2          Orc (2/2) D:9             Elf (1/3) Orc:2
  Sewer (visited)
  Snake: Lair:2-3    Spider: Lair:2-3

Altars:
Ashenzari
Cheibriados
Dithmenos
Elyvilon
Fedhas
Gozag
Hepliaklqana
Makhleb
Nemelex Xobeh
Okawaru
Qazlal
Ru
Trog
Uskayaw
Wu Jian
Xom
Yredelemnul
Zin
The Shining One

Shops:
D:7 ![=(   Orc:2 !*([[


Innate Abilities, Weirdness & Mutations

You are immune to sickness and miasma.
You are immune to poison.
Your flesh is very heat resistant. (rF++)
You are vulnerable to cold. (rC-)
You float through the air rather than walking.
You learn spells naturally, not from books.
Your magical power is your life essence.
You have superior vitality. (+4 MHP)


Message History

The swamp worm dies!
Makhleb accepts your kill.
The four-headed hydra attacks as it pursues you!
The four-headed hydra bites you but does no damage.
The four-headed hydra bites you! The four-headed hydra bites you.
The four-headed hydra completely misses you.
Something closely misses your warg. Something hits your warg!
Your warg dies!
Your warg's corpse disappears in a puff of smoke!
The four-headed hydra attacks as it pursues you!
The four-headed hydra misses you.
The four-headed hydra completely misses you.
The four-headed hydra bites you but does no damage. x2
Something completely misses your ice beast.
Something barely misses your ice beast.
The spriggan rider blocks your ice beast's attack.
The four-headed hydra attacks as it pursues you!
The four-headed hydra closely misses you. x2
The four-headed hydra bites you. x2
The four-headed hydra attacks as it pursues you!
The four-headed hydra misses you. The four-headed hydra bites you!
The four-headed hydra misses you. The four-headed hydra bites you.
* * * LOW HITPOINT WARNING * * *
The four-headed hydra misses you.
The four-headed hydra closely misses you.
The four-headed hydra misses you. x2
The spriggan druid calls out to the beasts of the wild!
The four-headed hydra bites you!
* * * LOW HITPOINT WARNING * * *
The four-headed hydra closely misses you.
The four-headed hydra barely misses you.
The four-headed hydra bites you.
* * * LOW HITPOINT WARNING * * *
The spriggan rider attacks as it pursues you!
The spriggan rider hits you from afar with a +0 spear!!
* * * LOW HITPOINT WARNING * * *
An alligator comes into view.
There is a staircase back to the Lair, spattered with blood here.
The spriggan rider hits you from afar with a +0 spear!
You die...

..###...~♣♣.~..*,~~~*
.)..#...~......***~**
#.##....~.~....~****
#.t†).Y..~.~♣♣.,,*
...ii.i...♣♣♣♣♣,**
..##..#...♣♣♣♣♣**
...#.##..♣♣♣♣♣♣♣♣♣
#....##.♣♣♣♣....~♣♣
#....##..♣.t~~iD@~♣
#........Y§~~i~§~~♣
...#......~.~~i.~♣♣
....†...........~♣
...♣♣♣.~~~....§§.♣
..♣♣♣♣~......♣~~.♣***
..~♣♣♣♣♣♣♣♣.~♣...♣,~**
.~♣♣♣♣♣♣♣♣~..).♣♣t§~,*
~~♣♣♣♣♣♣♣♣...†....§~~*


You could see a four-headed hydra, 2 alligators, 2 spriggan riders, a spriggan
druid and a friendly ice beast (summoned).

Vanquished Creatures
  A bunyip (Swamp:1)
  The ghost of Jador the Skirmisher, a journeyman TeHu of Elyvilon (Lair:1)
  An alligator (Swamp:1)
  An orc knight (Orc:2)
  2 orc sorcerers (Orc:2)
  2 elephants
  A torpor snail (Lair:2)
  2 cane toads
  Jeremiah (D:9)
  A komodo dragon (Lair:2)
  A tyrant leech (Lair:2)
  A troll (D:7)
  2 blink frogs (Lair:1)
  A polar bear (Lair:2)
  A spriggan (Swamp:1)
  2 yaks
  4 wargs
  3 water moccasins
  6 orc warriors
  A black bear (D:5)
  8 wolves
  A centaur (D:9)
  A phantom (D:9)
  Blork the orc (D:4)
  A scorpion (D:6)
  A killer bee (D:9)
  8 orc priests
  Crazy Yiuf (D:2)
  A hound (D:5)
  Ijyb (D:5)
  An iguana (D:4)
  15 orc wizards
  A gnoll (D:4)
  3 adders
  2 river rats (D:5)
  A dart slug (D:5)
  27 orcs
  An endoplasm (D:4)
  3 giant cockroaches (D:1)
  5 goblins
  2 hobgoblins
  3 jackals (D:2)
  6 kobolds
  11 ball pythons
  4 bats
  A frilled lizard (D:1)
  A goblin zombie (D:9)
  An orc skeleton (D:9)
  4 orc zombies (D:9)
  4 rats
155 creatures vanquished.

Vanquished Creatures (collateral kills)
  Gastronok (Lair:2)
  An eleionoma (Swamp:1)
  An ettin (Orc:2)
  Harold (Lair:1)
  An alligator (Swamp:1)
  An orc knight (Orc:2)
  3 orc sorcerers (Orc:2)
  A black mamba (Lair:1)
  5 elephants
  3 cane toads
  A kobold demonologist (D:10)
  A troll (D:9)
  2 hornets
  Grinder (D:6)
  2 tyrant leeches
  3 blink frogs (Lair:1)
  2 spriggans (Swamp:1)
  A vampire (D:10)
  2 wyverns
  A basilisk (D:10)
  11 yaks
  2 steam dragons
  Menkaure (D:4)
  3 wargs (Orc:2)
  2 swamp worms (Swamp:1)
  Edmund (D:4)
  8 water moccasins
  An acid dragon (D:10)
  11 orc warriors
  Pargi (Sewer)
  A sky beast (D:8)
  An ice beast (D:7)
  2 black bears
  3 ogres
  7 wolves
  2 phantoms (D:9)
  A kobold brigand (D:7)
  6 bullfrogs
  A gnoll sergeant (D:9)
  3 killer bees (D:9)
  3 troll zombies (D:9)
  2 howler monkeys
  A gnoll bouda (D:7)
  11 orc priests
  2 hounds (D:5)
  4 iguanas
  27 orc wizards
  5 ogre zombies (D:9)
  10 gnolls
  2 adders
  A river rat (D:5)
  A shadow imp (D:7)
  A white imp (D:7)
  2 worms (D:5)
  2 dart slugs
  73 orcs
  A bat (Sewer)
  2 endoplasms (D:4)
  A giant cockroach (Sewer)
  A goblin (D:4)
  4 hobgoblins
  4 jackals (D:5)
  A quokka (D:5)
  3 ball pythons
  A frilled lizard (Sewer)
  A goblin zombie (D:9)
  4 hobgoblin zombies (D:9)
  9 kobolds
  3 orc skeletons (D:9)
  11 orc zombies (D:9)
  2 rats
297 creatures vanquished.

Vanquished Creatures (others)
  A sleepcap (D:6)
  An orc wizard (Orc:2)
2 creatures vanquished.

Grand Total: 454 creatures vanquished

Notes
Turn   | Place    | Note
-------+----------+-------------------------------------------
     0 | D:1      | Gabrierda the Djinni Ice Elementalist began the quest for
                  | the Orb.
     0 | D:1      | Gabrierda set off with the following spells memorised:
                  | Freeze, Frozen Ramparts, Ozocubu's Armour, Summon Ice
                  | Beast.
     0 | D:1      | Reached XP level 1. HP: 15/15 MP: 0/0
   112 | D:1      | Reached XP level 2. HP: 4/21 MP: 0/0
  1010 | D:2      | Reached XP level 3. HP: 21/25 MP: 0/0
  1010 | D:2      | Learned a level 1 spell: Kiss of Death
  1132 | D:2      | Found a faded altar of an unknown god.
  1197 | D:2      | Reached skill level 5 in Fighting
  1197 | D:2      | Reached XP level 4. HP: 38/39 MP: 0/0
  1805 | D:2      | Found a runed translucent door.
  1806 | D:2      | Noticed Crazy Yiuf
  2080 | D:2      | Killed Crazy Yiuf
  2081 | D:2      | Reached XP level 5. HP: 14/43 MP: 0/0
  2081 | D:2      | Learned a level 2 spell: Jinxbite
  2396 | D:3      | Noticed a +0 dagger
  2396 | D:3      | Noticed a +0 hand axe
  2400 | D:3      | Found a hide-covered altar of Uskayaw.
  2608 | D:3      | Found a white marble altar of Elyvilon.
  2857 | D:4      | Reached XP level 6. HP: 25/49 MP: 0/0
  2873 | D:4      | Noticed Edmund
  2954 | D:4      | Killed Edmund
  3114 | D:4      | Noticed Blork the orc
  3126 | D:4      | Killed Blork the orc
  3127 | D:4      | Reached XP level 7. HP: 46/54 MP: 0/0
  3127 | D:4      | Learned a level 3 spell: Call Canine Familiar
  3337 | D:4      | Noticed Menkaure
  3341 | D:4      | Killed Menkaure
  3833 | D:5      | Entered Level 5 of the Dungeon
  3852 | D:5      | Found a glowing drain.
  3859 | D:5      | Reached XP level 8. HP: 42/59 MP: 0/0
  3972 | D:5      | Noticed Ijyb
  3981 | D:5      | Killed Ijyb
  4183 | Sewer    | Entered a sewer
  4192 | Sewer    | Noticed Pargi
  4195 | Sewer    | Killed Pargi
  4606 | D:5      | Found an ornate altar of the Wu Jian Council.
  4989 | D:6      | Reached XP level 9. HP: 65/65 MP: 0/0
  4989 | D:6      | Learned a level 4 spell: Leda's Liquefaction
  5047 | D:6      | Reached skill level 1 in Armour
  5387 | D:6      | Found a snail-covered altar of Cheibriados.
  5500 | D:6      | Noticed Grinder
  5514 | D:6      | Killed Grinder
  6520 | D:7      | Noticed a troll
  6527 | D:7      | Killed a troll
  6528 | D:7      | Reached skill level 1 in Staves
  6582 | D:7      | Found a staircase to the Ecumenical Temple.
  6589 | Temple   | Entered the Ecumenical Temple
  6624 | Temple   | Became a worshipper of Makhleb the Destroyer
  6755 | D:7      | Found Loegemir's Weapon Shop.
  6871 | D:7      | Found Jicoz's Distillery.
  6891 | D:7      | Bought a potion of heal wounds for 55 gold pieces
  6891 | D:7      | Bought a potion of curing for 33 gold pieces
  6891 | D:7      | Bought a potion of attraction for 33 gold pieces
  6935 | D:7      | Found Nikoxext's Antique Armour Shoppe.
  6940 | D:7      | Bought a helmet for 135 gold pieces
  6957 | D:7      | Found Atae's Jewellery Shoppe.
  7063 | D:7      | Found a hazy altar of Hepliaklqana.
  7063 | D:7      | Found a glowing silver altar of Zin.
  7289 | D:8      | Reached * piety under Makhleb
  7345 | D:8      | Reached XP level 10. HP: 70/70 MP: 0/0
  7994 | D:9      | Reached skill level 10 in Spellcasting
  7994 | D:9      | Reached skill level 10 in Conjurations
  7994 | D:9      | Reached skill level 10 in Hexes
  7994 | D:9      | Reached skill level 10 in Summonings
  7994 | D:9      | Reached skill level 10 in Necromancy
  7994 | D:9      | Reached skill level 10 in Translocations
  7994 | D:9      | Reached skill level 10 in Transmutations
  7994 | D:9      | Reached skill level 10 in Fire Magic
  7994 | D:9      | Reached skill level 10 in Ice Magic
  7994 | D:9      | Reached skill level 10 in Air Magic
  7994 | D:9      | Reached skill level 10 in Earth Magic
  7994 | D:9      | Reached skill level 10 in Poison Magic
  8037 | D:9      | Noticed Jeremiah
  8057 | D:9      | Killed Jeremiah
  8309 | D:9      | Found a staircase to the Orcish Mines.
  8331 | D:9      | Reached ** piety under Makhleb
  8414 | Orc:1    | Entered Level 1 of the Orcish Mines
  8426 | Orc:1    | Reached *** piety under Makhleb
  8889 | Orc:2    | Entered Level 2 of the Orcish Mines
  9025 | Orc:2    | Noticed an ettin
  9036 | Orc:2    | Killed an ettin
  9037 | Orc:2    | Reached XP level 11. HP: 22/76 MP: 0/0
  9037 | Orc:2    | Learned a level 4 spell: Iskenderun's Mystic Blast
  9129 | Orc:2    | Noticed an orc knight
  9180 | Orc:2    | Killed an orc knight
  9226 | Orc:2    | Found Gesot's Distillery.
  9252 | Orc:2    | Bought a potion of curing for 48 gold pieces
  9252 | Orc:2    | Bought a potion of attraction for 48 gold pieces
  9252 | Orc:2    | Bought a potion of curing for 48 gold pieces
  9304 | Orc:2    | Noticed an orc sorcerer
  9318 | Orc:2    | Killed an orc sorcerer
  9335 | Orc:2    | Noticed an orc sorcerer
  9349 | Orc:2    | Reached **** piety under Makhleb
  9349 | Orc:2    | Killed an orc sorcerer
  9353 | Orc:2    | Noticed an orc sorcerer
  9365 | Orc:2    | Killed an orc sorcerer
  9395 | Orc:2    | Found Wedoupum's Assorted Antiques.
  9395 | Orc:2    | Noticed an orc sorcerer
  9405 | Orc:2    | Killed an orc sorcerer
  9435 | Orc:2    | Bought a scroll labelled WAJYHO ZUCAPT for 31 gold pieces
  9443 | Orc:2    | Found Xames's Antique Weapon Shoppe.
  9566 | Orc:2    | Noticed an orc sorcerer
  9571 | Orc:2    | Noticed a sixfirhy
  9577 | Orc:2    | Killed an orc sorcerer
  9593 | Orc:2    | Found Qofiapa's Armour Shop.
  9593 | Orc:2    | Found Fifess's Antique Armour Shoppe.
  9618 | Orc:2    | Bought a glowing orb for 372 gold pieces
  9623 | Orc:2    | Noticed an orc knight
  9646 | Orc:2    | Killed an orc knight
  9651 | Orc:2    | Reached XP level 12. HP: 83/83 MP: 0/0
  9764 | Orc:2    | Found a staircase to the Elven Halls.
 10107 | Orc:1    | Reached ***** piety under Makhleb
 10597 | Elf:1    | Entered Level 1 of the Elven Halls
 10597 | Elf:1    | Noticed a deep elf knight
 10597 | Elf:1    | Noticed a deep elf knight
 10742 | D:10     | Entered Level 10 of the Dungeon
 10979 | D:10     | Found a staircase to the Lair.
 11441 | Lair:1   | Entered Level 1 of the Lair of Beasts
 11484 | Lair:1   | Reached skill level 5 in Staves
 11599 | D:10     | HP: 3/84 [elephant (13)]
 11788 | Lair:1   | Noticed Jador's ghost (journeyman TeHu)
 11825 | Lair:1   | Found a runed translucent door.
 11844 | Lair:1   | Killed Jador's ghost
 11984 | Lair:1   | Reached XP level 13. HP: 89/89 MP: 0/0
 11984 | Lair:1   | Learned a level 5 spell: Iskenderun's Battlesphere
 12100 | Lair:1   | Got a sparkling book
 12104 | Lair:1   | Noticed Harold
 12119 | Lair:1   | Killed Harold
 12135 | Lair:1   | Found a frozen archway.
 13132 | Lair:2   | Noticed Gastronok
 13146 | Lair:2   | Killed Gastronok
 13361 | Lair:2   | Reached ****** piety under Makhleb
 13445 | Lair:2   | Found a staircase to the Swamp.
 13880 | Swamp:1  | Entered Level 1 of the Swamp
 13880 | Swamp:1  | Noticed an alligator
 13880 | Swamp:1  | Noticed an alligator
 13890 | Swamp:1  | Killed an alligator
 13894 | Swamp:1  | Killed an alligator
 13936 | Swamp:1  | Noticed a bunyip
 13960 | Swamp:1  | Killed a bunyip
 13969 | Swamp:1  | Noticed an eleionoma
 13973 | Swamp:1  | Killed an eleionoma
 14067 | Swamp:1  | Noticed a four-headed hydra
 14076 | Swamp:1  | Noticed an alligator
 14090 | Swamp:1  | HP: 1/90 [spriggan rider/+0 spear (19)]
 14090 | Swamp:1  | Noticed an alligator
 14091 | Swamp:1  | Mangled by a spriggan rider

Illustrated notes

Levels and vault maps discovered:
D:1:      dpeg_arrival_solitude, layout_basic, st_stairs_4
D:2:      layout_loops_corners, nicolae_ecumenical_lake_church,
          uniq_crazy_yiuf_cottage
D:3:      layout_rooms, dancing_weapons_uskayaw, mainiacjoe_overflow_24_doors
D:4:      layout_cave_pools, uniq_menkaure, uniq_blork_the_orc, uniq_edmund
D:5:      layout_loops_ring, nicolae_overflow_hidden_temple,
          kennysheep_little_box, portal_sewer_entry_b, hangedman_decor_riveting,
          kennysheep_cross_bottleneck, grunt_ministairs_2, uniq_ijyb
D:6:      mumra_celtic_spiral_tile, layout_layer_cave, lemuel_crystal_altar,
          amcnicky_mini_pool_small, uniq_grinder
D:7:      layout_rooms, mainiacjoe_overflow_big_doors, minmay_temple_entry_hall,
          serial_shops, shop, shop, nicolae_shop_advertising_works
          [nicolae_subvault_shop_adworks], nicolae_shop_real_fake_doors
D:8:      layout_basic, kennysheep_mini_moat
D:9:      layout_loops_ring, zombieorc2_lemuel, uniq_jeremiah
D:10:     layout_loops_ring, david_lair_generic
Temple:   nicolae_temple_superstar
Lair:1:   layout_chaotic_city, portal_ice_cave_entry_pillars_1,
          ebering_ghost_reflecting_pool, uniq_harold
Lair:2:   layout_roguey, minmay_swamp_entry_worms,
          nicolae_quartered_pool_little, uniq_gastronok
Swamp:1:  layout_basic_swamp, serial_swamp_ruin, evilmike_swamp_ruin_rubble_1,
          evilmike_swamp_ruin_house_2, hangedman_swamp_ruin_wall,
          water_boxes_lemuel
Orc:1:    layout_diamond_mine
Orc:2:    st_orc_town, layout_diamond_mine, serial_shops, shop
Elf:1:    minmay_elf_arrival_circle, layout_rooms, nicolae_trove_entry_isolated,
          serial_shops, shop, minmay_elf_necromancy,
          nicolae_elf_blasts_and_bolts, minmay_shop_star

Skill      XL: |  1  2  3  4  5  6  7  8  9 10 11 12 13 |
---------------+----------------------------------------+-----
Fighting       | 5 6 7 |  7.2
Dodging        | 6 7 8 9 |  9.3
Spellcasting   | 6 7 8 9 11 12 13 14 | 14.1
Conjurations   | 6 7 8 9 11 12 13 14 | 14.1
Hexes          | 6 7 8 9 11 12 13 14 | 14.1
Summonings     | 6 7 8 9 11 12 13 14 | 14.1
Necromancy     | 6 7 8 9 11 12 13 14 | 14.1
Translocations | 6 7 8 9 11 12 13 14 | 14.1
Transmutations | 6 7 8 9 11 12 13 14 | 14.1
Fire Magic     | 6 7 8 9 11 12 13 14 | 14.1
Ice Magic      | 6 7 8 9 11 12 13 14 | 14.1
Air Magic      | 6 7 8 9 11 12 13 14 | 14.1
Earth Magic    | 6 7 8 9 11 12 13 14 | 14.1
Poison Magic   | 6 7 8 9 11 12 13 14 | 14.1
Armour         | 1 |  1.3
Staves         | 1 2 4 5 7 |  7.2
Stealth        | |  1.5
Evocations     | |  0.3

Action                     |  1- 3 |  4- 6 |  7- 9 | 10-12 | 13-15 || total
---------------------------+-------+-------+-------+-------+-------++-------
  Melee: Short sword       |       |     1 |       |       |       ||     1
         Quarterstaff      |       |     6 |     9 |   132 |    68 ||   215
   Cast: Freeze            |    34 |    31 |    14 |       |     4 ||    83
         Summon Ice Beast  |       |     9 |    47 |    82 |    33 ||   171
         Frozen Ramparts   |       |     3 |     7 |    36 |     2 ||    48
         Ozocubu's Armour  |       |     3 |     3 |     6 |       ||    12
         Jinxbite          |       |     4 |     4 |     1 |     3 ||    12
         Call Canine Famil |       |       |    42 |    83 |    32 ||   157
         Leda's Liquefacti |       |       |     1 |     1 |       ||     2
         Iskenderun's Myst |       |       |       |     2 |     1 ||     3
         Iskenderun's Batt |       |       |       |       |     1 ||     1
  Evoke: Wand              |       |       |     1 |     1 |       ||     2
    Use: Scroll            |     3 |    10 |    12 |    10 |     3 ||    38
         Potion            |     1 |       |     1 |     6 |     3 ||    11
   Stab: Distracted        |       |       |       |       |     2 ||     2
 Armour: Robe              |    18 |    24 |    17 |       |       ||    59
         Troll leather arm |       |       |     4 |       |       ||     4
         Steam dragon scal |       |       |     3 |   172 |    88 ||   263
  Dodge: Dodged            |    18 |    32 |    39 |   167 |    77 ||   333

Table legend: (Time is in decaauts)
 A = Elapsed time spent in this place.
 B = Non-inter-level travel time spent in this place.
 C = Inter-level travel time spent in this place.
 D = Time resting spent in this place.
 E = Time spent auto-exploring this place.
 F = Levels seen in this place.
 G = Mean time per level.
                   A        B        C        D        E       F      G
               +--------+--------+--------+--------+--------+-----+--------+
         Total |  14115 |  11634 |   2481 |   1120 |   7331 |  18 |  784.2 |
       Dungeon |   9288 |   8089 |   1199 |    799 |   5559 |  10 |  928.8 |
        Temple |     74 |      3 |     71 |      0 |      0 |   1 |   74.0 |
          Lair |   2369 |   1734 |    635 |     74 |   1005 |   2 | 1184.5 |
         Swamp |    209 |    178 |     31 |     71 |      0 |   1 |  209.0 |
  Orcish Mines |   2014 |   1469 |    545 |    176 |    703 |   2 | 1007.0 |
   Elven Halls |      4 |      4 |      0 |      0 |      0 |   1 |    4.0 |
         Sewer |    154 |    154 |      0 |      0 |     64 |   1 |  154.0 |
               +--------+--------+--------+--------+--------+-----+--------+

Top non-repeatable levels by time:
     D:6: 1545 daAuts
   Orc:2: 1423 daAuts
     D:2: 1305 daAuts
  Lair:2: 1211 daAuts
  Lair:1: 1158 daAuts
     D:1: 991 daAuts
     D:5: 978 daAuts
     D:8: 824 daAuts
     D:4: 785 daAuts
    D:10: 778 daAuts
     D:9: 756 daAuts
     D:3: 750 daAuts
   Orc:1: 590 daAuts
     D:7: 572 daAuts
 Swamp:1: 209 daAuts
